AoeStats
← DjellyDjonko

Arabia

506066434Analyzed
1v1 RM · 20d ago on Sep 12, 2026· 26m 44s· 2 players
Game mode
Random Map
Map size
Tiny (2 player)
Population
200
Speed
Normal
Resources
Standard
Victory
Conquest
Starting age
Dark Age
Ending age
Imperial Age
RankedLock teamsTeams togetherTeam positionsShared explorationLock speedFull tech treeHidden civsTurbo modeCheats
Victory
Defeat
🇲🇽 Huns · Mexico
820
+17
🇧🇪 Khmer · Belgium
833
-17
JamonRush
10:02 Loom
12:21 Feudal Age
14:41 Town Watch
17:40 Castle Age
16:59 Double-Bit Axe
16:55 Horse Collar
18:09 Bloodlines
18:09 Scale Barding Armor
25:36 Chain Barding Armor
27:34 Forging
DjellyDjonko
4:21 Loom
11:13 Feudal Age
11:47 Double-Bit Axe
20:00 Scale Barding Armor
23:03 Castle Age
Connection lost

Rejoining the realm…

Still unreachable

The connection could not be restored.

Session expired

The server has moved on; the page needs a fresh start.